 Dungeon Sprint DCSS version 0.28.0-47-ge53b351184 (webtiles) character file.

Game seed: 16710573962940564765

1600000 thiscave3701365 the Executioner (level 16, -3/121 HPs)
             Began as a Djinni Warper on Apr 29, 2022.
             Was a Priest of Makhleb.
             Slain by a bag of meat
             ... wielding a +9 war axe
              (25 damage)
             ... in the Dungeon (Sprint VIII: "Arena of Blood").
             The game lasted 00:00:40 (16 turns).

thiscave3701365 the Executioner (Djinni Warper)       Turns: 16, Time: 00:00:42

Health: -3/121     AC:  3    Str: 16    XL:     16   Next: 41%
Gold:   0          EV: 18    Int: 16    God:    Makhleb [***...] SH:  0 Dex: 14

rFire   + + .      SeeInvis .   i - +∞ Axe of Woe
rCold   x . .      Faith    .   (shield currently unavailable)
rNeg    . . .      Spirit   .   b - +0 leather armour
rPois   ∞          Reflect  .   (no helmet)
rElec   .          Harm     .   (no cloak)
rCorr   .          Rampage  .   (no gloves)
Will    +....      NoTele   +   (boots unavailable)
Stlth   +.........              (no amulet)
HPRegen 0.30/turn               (no ring)
MPRegen 0.00/turn               (no ring)

@: flying
A: sickness immunity, fire resistance 2, cold vulnerability 1, float, innate
caster, HP casting, extra vitality 1
a: Renounce Religion, Minor Destruction, Lesser Servant of Makhleb


You were in the Dungeon.
You worshipped Makhleb.
Makhleb was most pleased with you.
You visited 1 branch

Inventory:

Hand Weapons
 a - a +0 hand axe
 i - the +∞ Axe of Woe (weapon)
   (You found it in the Dungeon)
Missiles
 d - 5 boomerangs of dispersal (quivered)
Armour
 b - a +0 leather armour (worn)
Scrolls
 c - 2 scrolls of blinking
Potions
 e - a potion of curing
 f - a potion of heal wounds
 g - a potion of haste
 h - a potion of berserk rage


   Skills:
 - Level 13.3 Fighting
 + Level 26.4 Axes
 - Level 4.6 Throwing
 - Level 3.9 Armour
 - Level 14.2 Dodging
 - Level 21.9 Spellcasting


You had 17 spell levels left.
You knew the following spells:

 Your Spells              Type           Power      Damage    Failure   Level
a - Blink                 Tloc           100%       N/A       0%          2
b - Lesser Beckoning      Tloc           73%        N/A       0%          3
c - Gell's Gravitas       Tloc           73%        N/A       0%          3
d - Teleport Other        Tloc           73%        N/A       0%          3
e - Manifold Assault      Tloc           73%        N/A       0%          5
f - Beastly Appendage     Tmut           100%       N/A       0%          1
g - Ensorcelled Hibernat  Hex/Ice        100%       N/A       0%          2
h - Corpse Rot            Necr/Air       100%       N/A       0%          2
i - Summon Lightning Spi  Summ/Air       73%        N/A       0%          4
j - Lightning Bolt        Conj/Air       36%        1d54      0%          5
k - Lee's Rapid Deconstr  Erth           36%        3d19*     0%          5
l - Iron Shot             Conj/Erth      36%        9d7       1%          6
Your spell library was empty.

Dungeon Overview and Level Annotations

Branches:
Dungeon (1/1)

Altars:
Makhleb


Innate Abilities, Weirdness & Mutations

You are immune to sickness and miasma.
You are immune to poison.
Your flesh is very heat resistant. (rF++)
You are vulnerable to cold. (rC-)
You float through the air rather than walking.
You learn spells naturally, not from books.
Your magical power is your life essence.
You have superior vitality. (+4 MHP)


Message History

Makhleb accepts your kill.
You can now summon a lesser servant of Makhleb.
You slash the bag of meat! You chop the bag of meat into pieces.
You kill the bag of meat!
Makhleb accepts your kill.
You feel better.
You hear a shout! x7
A bag of meat comes into view. It is wielding a +9 war axe.
You hear a shout!
A meat berserker comes into view. It is wielding a +9 battleaxe.
You hear a shout! x5; You hear two shouts!
Your Axes skill gained 5 levels and is now at level 22!
You have reached level 15!
Your experience leads to an increase in your attributes!
Increase (S)trength, (I)ntelligence, or (D)exterity?
You feel stronger. x2
The power to cast Iron Shot wells up from within.
Spell assigned to 'l'.
You slash the bag of meat!
You hew the bag of meat savagely.
You kill the bag of meat!
Makhleb accepts your kill.
You slash the meat berserker!
You cleave the meat berserker in twain.
You kill the meat berserker!
Makhleb accepts your kill.
You hear a shout! x5
A large bag of meat comes into view. It is wielding a +9 giant spiked club.
You hear a shout!
A meat berserker comes into view. It is wielding a +9 battleaxe.
You hear a shout! x4
Your Axes skill gained 4 levels and is now at level 26!
You have reached level 16!
You feel clever.
You hear a shout! x6
A bag of meat comes into view. It is wielding a +9 war axe.
You hear a shout! x2
The meat berserker hits you with a +9 battleaxe!!!!
Ouch! That really hurt!
* * * LOW HITPOINT WARNING * * *
The bag of meat hits you with a +9 war axe!!
You die...

..... #.....# ...
......#_.<._#....
......#.....#....
#........_.......
......).###......
...###.)))...###o
#...))..#
...#..)....#...
......)@O..O...
.......oo......
.........o.....#
...O.....o.oo##.
...#........#..
...........#.o.
.##.#....... O.
.......o...


You could see 3 meat berserkers and 8 bags of meat.

Vanquished Creatures
  2 ogres (D)
  9 orcs (D)
11 creatures vanquished.

Notes
Turn   | Place    | Note
-------+----------+-------------------------------------------
     0 | D        | Found the +∞ Axe of Woe
     0 | D        | thiscave3701365 the Djinni Warper began the quest for the
                  | Orb.
     0 | D        | Reached XP level 1. HP: 18/18 MP: 0/0
     1 | D        | Noticed a bag of meat
     2 | D        | Noticed a bag of meat
     3 | D        | Became a worshipper of Makhleb the Destroyer
     4 | D        | Noticed a bag of meat
     5 | D        | Noticed a bag of meat
     6 | D        | Noticed a bag of meat
     6 | D        | Noticed a meat berserker
     7 | D        | Noticed a bag of meat
     8 | D        | Killed a bag of meat
     8 | D        | Killed a bag of meat
     8 | D        | Killed a bag of meat
     8 | D        | Reached * piety under Makhleb
     9 | D        | Reached skill level 12 in Axes
     9 | D        | Reached XP level 2. HP: 37/37 MP: 0/0
     9 | D        | Reached XP level 3. HP: 42/42 MP: 0/0
     9 | D        | Learned a level 1 spell: Beastly Appendage
     9 | D        | Reached XP level 4. HP: 49/49 MP: 0/0
     9 | D        | Reached XP level 5. HP: 54/54 MP: 0/0
     9 | D        | Learned a level 2 spell: Ensorcelled Hibernation
     9 | D        | Reached XP level 6. HP: 59/59 MP: 0/0
     9 | D        | Reached XP level 7. HP: 65/65 MP: 0/0
     9 | D        | Learned a level 2 spell: Corpse Rot
     9 | D        | Reached XP level 8. HP: 71/71 MP: 0/0
     9 | D        | Reached XP level 9. HP: 76/76 MP: 0/0
     9 | D        | Learned a level 4 spell: Summon Lightning Spire
     9 | D        | Reached XP level 10. HP: 83/83 MP: 0/0
     9 | D        | Reached XP level 11. HP: 87/87 MP: 0/0
     9 | D        | Learned a level 5 spell: Lightning Bolt
     9 | D        | Reached XP level 12. HP: 94/94 MP: 0/0
     9 | D        | Reached XP level 13. HP: 99/99 MP: 0/0
     9 | D        | Learned a level 5 spell: Lee's Rapid Deconstruction
     9 | D        | Noticed a bag of meat
     9 | D        | Noticed a bag of meat
     9 | D        | Noticed a bag of meat
     9 | D        | Noticed a bag of meat
    10 | D        | Killed a bag of meat
    10 | D        | Killed a meat berserker
    10 | D        | Reached ** piety under Makhleb
    11 | D        | Reached skill level 14 in Axes
    11 | D        | Reached XP level 14. HP: 110/110 MP: 0/0
    11 | D        | Noticed a bag of meat
    11 | D        | Noticed a meat berserker
    11 | D        | Noticed a bag of meat
    11 | D        | Noticed a bag of meat
    12 | D        | Noticed a meat berserker
    12 | D        | Killed a bag of meat
    12 | D        | Noticed a bag of meat
    13 | D        | Reached skill level 17 in Axes
    13 | D        | Noticed a bag of meat
    13 | D        | Noticed a bag of meat
    13 | D        | Noticed a bag of meat
    14 | D        | Killed a bag of meat
    14 | D        | Killed a bag of meat
    14 | D        | Reached *** piety under Makhleb
    14 | D        | Killed a bag of meat
    14 | D        | Noticed a bag of meat
    14 | D        | Noticed a meat berserker
    15 | D        | Reached skill level 22 in Axes
    15 | D        | Reached XP level 15. HP: 103/115 MP: 0/0
    15 | D        | Learned a level 6 spell: Iron Shot
    15 | D        | Killed a meat berserker
    15 | D        | Noticed a large bag of meat
    15 | D        | Noticed a meat berserker
    16 | D        | Reached skill level 26 in Axes
    16 | D        | Reached XP level 16. HP: 109/121 MP: 0/0
    16 | D        | Slain by a bag of meat

Illustrated notes

Levels and vault maps discovered:
D:        meatsprint

Skill      XL: |  1  2  3  4  5  6  7  8  9 10 11 12 13 14 15 |
---------------+----------------------------------------------+-----
Fighting       | 11 13 | 13.3
Axes           | 12 14 22 26 | 26.4
Throwing       | 3 4 |  4.6
Armour         | 3 |  3.9
Dodging        | 12 14 | 14.2
Spellcasting   | 18 21 | 21.9

Action                   |  1- 3 |  4- 6 |  7- 9 | 10-12 | 13-15 | 16-18 || total
-------------------------+-------+-------+-------+-------+-------+-------++-------
Melee: Executioner's axe |     1 |       |       |       |     4 |       ||     5
Dodge: Dodged            |       |       |       |       |     1 |       ||     1
